 Dungeon Crawl Stone Soup version 0.23-a0-448-g1c01f63 (webtiles) character file.

94 RoseArtemis the Sneak (level 4, -3/21 HPs)
             Began as a Spriggan Enchanter on Nov 19, 2018.
             Killed by divine providence
             ... invoked by an orc priest
              (12 damage)
             ... on level 3 of the Dungeon.
             The game lasted 00:07:25 (2823 turns).

RoseArtemis the Sneak (Spriggan Enchanter)          Turns: 2823, Time: 00:07:26

Health: -3/21      AC:  6    Str:  4    XL:     4   Next: 38%
Magic:  1/10       EV: 18    Int: 17    God:
Gold:   95         SH:  0    Dex: 16    Spells: 6/9 levels left

rFire    . . .     SeeInvis +   a - +1 dagger
rCold    . . .     Gourm    .   (shield restricted)
rNeg     . . .     Faith    .   b - +1 robe
rPois    +         Spirit   .   (helmet restricted)
rElec    .         Reflect  .   i - +2 cloak {rPois}
rCorr    .         Harm     .   (gloves unavailable)
MR       .....                  (boots unavailable)
Stlth    +++.......             (no amulet)
HPRegen  0.07/turn              (no ring)
MPRegen  0.12/turn              (no ring)

@: very slightly contaminated, very quick
A: very small, unfitting armour, see invisible, herbivore, speed 3, slow
metabolism 2
a: no special abilities


You were on level 3 of the Dungeon.
You were not hungry.

You visited 1 branch of the dungeon, and saw 3 of its levels.

You collected 95 gold pieces.

Inventory:

Hand Weapons
 a - a +1 dagger (weapon)
Armour
 b - a +1 robe (worn)
 i - a +2 cloak of poison resistance (worn)
Scrolls
 e - 2 scrolls of enchant armour
 g - 2 scrolls of identify
 h - 2 scrolls of remove curse {unknown}
 j - a scroll of enchant weapon {unknown}
 k - 2 scrolls of teleportation {unknown}
 m - 3 scrolls of immolation {unknown}
Potions
 c - 2 potions of flight
 f - 2 potions of agility
 l - a potion of invisibility {unknown}
Comestibles
 d - a ration


   Skills:
 + Level 2.2 Short Blades
 - Level 3.0 Dodging
 + Level 5.4 Stealth
 + Level 3.4 Spellcasting
 * Level 4.9 Hexes


You had 6 spell levels left.
You knew the following spells:

 Your Spells              Type           Power        Failure   Level  Hunger
a - Corona                Hex            ###....      2%          1    None
b - Ensorcelled Hibernat  Hex/Ice        ##....       10%         2    ##.....

Your spell library contained the following spells:

 Spells                   Type           Power        Failure   Level  Hunger
 Confuse                  Hex            ###.....     7%          3    ###....
 Tukima's Dance           Hex            ###.....     7%          3    ###....
 Dazzling Spray           Conj/Hex       ##....       19%         3    ###....


Dungeon Overview and Level Annotations

Branches:
Dungeon (3/15)

Altars:
Cheibriados
Nemelex Xobeh
Okawaru
Xom


Innate Abilities, Weirdness & Mutations

You are very small and have problems with some larger weapons.
You are too small for most types of armour.
You have supernaturally acute eyesight. (SInv)
You are a herbivore.
You cover ground extremely quickly.
You need to consume almost no food.


Message History

The leopard gecko barely misses you.
You barely miss the orc priest. The hobgoblin misses you.
The orc priest misses you.
The frilled lizard bites you but does no damage.
The leopard gecko misses you.
You closely miss the orc priest. The hobgoblin hits you with a +0 club.
* * * LOW HITPOINT WARNING * * *
The orc priest closely misses you.
The frilled lizard bites you but does no damage.
The leopard gecko misses you.
You closely miss the orc priest. The leopard gecko closely misses you.
The hobgoblin completely misses you. The orc priest misses you.
The frilled lizard closely misses you.
The kobold barely misses you. 3 orcs come into view.
The orc shouts! x2
Found a blue potion.
The orc priest invokes the aid of Beogh against you.
Beogh smites you!
Ouch! That really hurt!
You die...

#.######...##.######
#.#...........#†....
..#......^......##.# #.
#........#..###... ##.
#........#........
####..##.lK..$.....###.##
.......o.l.........# #.
......>.##g......... .. .
...o....@.......###. ..##
!..o....##.....##
.o......##.....#
.o...?..##.....#
#..#######.....# ... ..
.. .


You could see an orc priest, 4 orcs and a hobgoblin.

Vanquished Creatures
  2 adders
  2 oozes
  3 dart slugs
  3 leopard geckos
  2 orcs (D:2)
  4 bats
  4 giant cockroaches
  10 goblins
  9 hobgoblins
  4 frilled lizards
  3 kobolds
  9 rats
55 creatures vanquished.

Notes
Turn   | Place    | Note
-------+----------+-------------------------------------------
     0 | D:1      | RoseArtemis the Spriggan Enchanter began the quest for the
                  | Orb.
     0 | D:1      | Reached XP level 1. HP: 9/9 MP: 5/5
   368 | D:1      | Reached XP level 2. HP: 13/13 MP: 6/6
   376 | D:1      | Learned a level 2 spell: Ensorcelled Hibernation
  1178 | D:2      | Reached XP level 3. HP: 16/16 MP: 3/8
  1296 | D:2      | Reached skill level 5 in Stealth
  1488 | D:2      | Found a snail-covered altar of Cheibriados.
  1489 | D:2      | Found a shimmering altar of Xom.
  1491 | D:2      | Found an iron altar of Okawaru.
  1850 | D:2      | You fall through a shaft!
  1898 | D:3      | Found a sparkling altar of Nemelex Xobeh.
  2013 | D:3      | Reached XP level 4. HP: 11/21 MP: 1/10
  2823 | D:3      | Killed from afar by an orc priest

Vault maps used:
D:1:      saegor_arrival_simple_e
D:2:      grunt_temple_overflow_open, hangedman_decor_growths
D:3:      marbit_many_paths, chequers_ecumenical_altar_lobes

Skill      XL: |  1  2  3 |
---------------+----------+-----
Hexes          | 4 |  4.9
Spellcasting   | 3 |  3.4
Stealth        | 5 |  5.4
Short Blades   | 2 |  2.2
Dodging        | |  3.0

Action                   |  1- 3 |  4- 6 || total
-------------------------+-------+-------++-------
Melee: Dagger            |   155 |    59 ||   214
 Cast: Corona            |    10 |     1 ||    11
       Ensorcelled Hiber |    22 |    12 ||    34
  Use: Scroll            |     6 |       ||     6
 Stab: Sleeping          |    22 |     6 ||    28
  Eat: Ration            |       |     1 ||     1
Armor: Robe              |    22 |    14 ||    36
Dodge: Dodged            |   121 |   112 ||   233

Table legend:
 A = Non-vault XP
 B = Vault XP
 C = Vault XP percentage of total XP
 D = Non-vault monster count
 E = Vault monster count
 F = Vault count percentage of total count
                 A         B        C        D         E       F
            +---------+---------+-------+---------+---------+-------
      Total |     134 |       1 |   0.7 |      54 |       1 |   1.8
            +---------+---------+-------+---------+---------+-------
        D:1 |      37 |       0 |   0.0 |      21 |       0 |   0.0
        D:2 |      64 |       0 |   0.0 |      24 |       0 |   0.0
        D:3 |      33 |       1 |   2.9 |       9 |       1 |  10.0
            +---------+---------+-------+---------+---------+-------
